 Seeded DCSS version 0.29-a0-330-g52719c12eb (webtiles) character file.

Game seed: 20220404 (custom seed)

6013 a11behringer the Basher (level 10, -5/126 HPs)
             Began as a Palentonga Berserker on Apr 12, 2022.
             Was a Believer of Trog.
             Slain by a yak (9 damage)
             ... on level 8 of the Dungeon.
             The game lasted 00:19:06 (9596 turns).

a11behringer the Basher (Palentonga Berserker)      Turns: 9596, Time: 00:19:07

Health: -5/126     AC: 27    Str: 25    XL:     10   Next: 56%
Magic:  10/10      EV:  8    Int: 13    God:    Trog [**....]
Gold:   381        SH:  5    Dex: 11    Spells: 9/9 levels left

rFire   . . .      SeeInvis +   G - +1 whip (elec)
rCold   . . .      Faith    .   (no shield)
rNeg    . . .      Spirit   .   D - +0 plate armour
rPois   .          Reflect  +   (no helmet)
rElec   .          Harm     .   J - +0 cloak
rCorr   .          Rampage  .   (no gloves)
Will    ++...                   d - +4 barding of the Five Gods {Int+5 Dex+2}
Stlth   ..........              g - amulet of reflection
HPRegen 1.31/turn               e - +4 ring of evasion
MPRegen 0.12/turn               (no ring)

@: berserking, strong-willed, regenerating, curled up, very quick
A: large, rugged brown scales 3, see invisible, deformed body, roll 1, armoured
tail, reflexive curl
a: Rolling Charge, Renounce Religion, Berserk, Trog's Hand


You were on level 8 of the Dungeon.
You worshipped Trog.
Trog was pleased with you.
You visited 1 branch of the dungeon, and saw 8 of its levels.

You collected 381 gold pieces.

Inventory:

Hand Weapons
 a - a +1 mace
 G - a +1 whip of electrocution (weapon)
 L - a +6 trident of venom
Missiles
 o - 14 poisoned darts (quivered)
Armour
 b - a +0 animal skin
 c - a +1 leather armour
 d - the +4 barding of the Five Gods (worn) {Int+5 Dex+2}
   (You acquired it on level 3 of the Dungeon)

   Int:       It affects your intelligence (+5).
   Dex:       It affects your dexterity (+2).
 A - a +0 chain mail
 D - a +0 plate armour (worn)
 H - a +2 leather armour of positive energy
 J - a +0 cloak (worn)
Jewellery
 e - a +4 ring of evasion (left hand)
 g - an amulet of reflection (around neck)
 w - an amulet of faith
 M - a ring of protection from cold
Wands
 y - a wand of iceblast (3)
 B - a wand of charming (7)
 E - a wand of paralysis (4)
 I - a wand of polymorph (9)
 N - a wand of flame (17)
Scrolls
 n - 2 scrolls of holy word
 p - a scroll of fog {unknown}
 t - 6 scrolls of teleportation {unknown}
 v - a scroll of silence
 z - a scroll of summoning {unknown}
 C - a scroll of blinking {unknown}
 F - a scroll of identify
 K - 4 scrolls of noise {unknown}
 O - a scroll of amnesia {unknown}
 P - a scroll of enchant weapon
Potions
 f - 5 potions of might
 h - 2 potions of brilliance
 i - 4 potions of lignification
 j - a potion of flight {unknown}
 k - 7 potions of curing
 l - 4 potions of mutation
 m - a potion of magic {unknown}
 q - a potion of heal wounds
 r - 2 potions of degeneration {unknown}
 s - 2 potions of berserk rage {unknown}
 u - 2 potions of attraction
 x - a potion of ambrosia {unknown}


   Skills:
 + Level 7.2 Fighting
 + Level 10.6 Maces & Flails
 + Level 1.1 Throwing
 + Level 5.7 Armour
 + Level 6.1 Dodging
 - Level 1.7 Stealth
 - Level 1.4 Shields


You had 9 spell levels left.
You didn't know any spells.
Your spell library was empty.

Dungeon Overview and Level Annotations

Branches:
Dungeon (8/15)             Temple (0/1) D:6            Lair (0/6) D:8

Altars:
Gozag
Okawaru
Qazlal
Uskayaw
Vehumet

Shops:
D:1 *   D:3 :   D:7 !


Innate Abilities, Weirdness & Mutations

You are completely covered in rugged brown scales. (AC +3, +7% HP)
You have supernaturally acute eyesight. (SInv)
Armour fits poorly on your strangely shaped body.
You can roll at nearby foes to attack.
You have a long armoured tail.
You curl defensively after being hit. (AC +7*)


Message History

Lightning courses through the death yak!
The death yak is moderately wounded.
The death yak barely misses you.
You hit the death yak.
Lightning courses through the death yak!
You tail-slap the death yak.
The death yak is heavily wounded.
You whack the death yak!
Lightning courses through the death yak!!
You tail-slap the death yak.
The death yak is almost dead.
The death yak gores you!
* * * LOW HITPOINT WARNING * * *
You hit the death yak but do no damage.
The death yak is almost dead.
You barely miss the death yak. You tail-slap the death yak.
You kill the death yak!
Trog accepts your kill. The yak gores you but does no damage.
The death yak gores you!
* * * LOW HITPOINT WARNING * * *
You hear a bellow!
You see here a death yak corpse.
You whack the death yak!
Lightning courses through the death yak!
The death yak is moderately wounded.
You hear a bellow!
You whack the death yak!
Your tail-slap misses the death yak.
The death yak is moderately wounded.
The death yak gores you.
* * * LOW HITPOINT WARNING * * *
The yak gores you.
* * * LOW HITPOINT WARNING * * *
You hit the death yak.
The death yak is heavily wounded.
You whack the death yak!
The death yak is heavily wounded.
You barely miss the death yak.
The death yak is heavily wounded.
The yak gores you!
You die...

###.##.....# . ...##.....#
#.########.........#
#.#...........###..##
##.#......[..#....#..##
#...........#####......
######.#...Y.....# #####..
###......##FYY###..# ###
........##..#@###..# ##
.Y$.....#Y.##.#...## ######.
....Y.....###...#.######......
.........## ##..#..#.........#
.>.##...## ##..##...#..######
. #....# #....#.....## ##.
......#####.##...##...# ##..
.......##............#.###...
........##....<...#####.....#.


You could see a death yak, 2 yaks and a bullfrog.

Vanquished Creatures
  A death yak (D:8)
  Pikel (D:6)
  The ghost of GigaChad the Slasher, a novice MiGl of Wu Jian (D:5)
  Grinder (D:4)
  A hornet (D:8)
  4 yaks (D:8)
  3 wyverns (D:7)
  A steam dragon (D:8)
  4 vampire mosquitoes (D:8)
  Duvessa (D:4)
  An orc warrior (D:8)
  3 black bears
  2 ice beasts
  2 ogres
  3 sky beasts
  A kobold brigand (D:7)
  3 bullfrogs
  Blork the orc (D:5)
  A necrophage (D:6)
  2 gnoll sergeants (D:7)
  5 scorpions (D:5)
  Dowan (D:4)
  3 killer bees (D:5)
  2 orc priests
  2 hounds
  2 iguanas (D:5)
  3 orc wizards
  Natasha (thrice) (D:4)
  8 gnolls
  7 adders
  A shadow imp (D:6)
  2 white imps
  A dart slug (D:2)
  2 worms (D:3)
  15 orcs
  4 bats
  3 endoplasms
  2 giant cockroaches
  10 goblins
  4 hobgoblins
  3 jackals (D:5)
  11 kobolds
  5 quokkas
  5 ball pythons
  2 frilled lizards
  7 rats
150 creatures vanquished.

Notes
Turn   | Place    | Note
-------+----------+-------------------------------------------
     0 | D:1      | a11behringer the Palentonga Berserker began the quest for
                  | the Orb.
     0 | D:1      | Reached XP level 1. HP: 19/19 MP: 1/1
   307 | D:1      | Found a faded altar of an unknown god.
   425 | D:1      | Reached XP level 2. HP: 22/25 MP: 2/2
   562 | D:1      | Found Goapadgh's Assorted Antiques.
  1436 | D:2      | Reached XP level 3. HP: 23/31 MP: 3/3
  1647 | D:2      | Reached ** piety under Trog
  1722 | D:2      | You fall into a shaft and drop 2 floors!
  1932 | D:2      | Reached skill level 4 in Maces & Flails
  2556 | D:2      | Reached XP level 4. HP: 37/37 MP: 4/4
  3012 | D:3      | Found Omots's Book Boutique.
  3033 | D:3      | Identified a scroll of acquirement
  3033 | D:3      | Acquired the +4 barding of the Five Gods {Int+5 Dex+2}
  3841 | D:4      | Reached XP level 5. HP: 28/43 MP: 5/5
  4022 | D:4      | Found a radiant altar of Vehumet.
  4026 | D:4      | Found an opulent altar of Gozag.
  4060 | D:4      | Noticed Grinder
  4060 | D:4      | Paralysed by Grinder for 5 turns
  4060 | D:4      | Noticed Dowan
  4063 | D:4      | Noticed Duvessa
  4064 | D:4      | Noticed a black bear
  4080 | D:4      | Killed Duvessa
  4081 | D:4      | Reached skill level 5 in Maces & Flails
  4081 | D:4      | Reached skill level 1 in Stealth
  4087 | D:4      | Killed Grinder
  4088 | D:4      | Reached skill level 1 in Shields
  4088 | D:4      | Reached XP level 6. HP: 42/51 MP: 6/6
  4269 | D:4      | Killed Dowan
  4274 | D:4      | Gained mutation: You curl defensively after being hit. (AC
                  | +7*) [Palentonga growth]
  4274 | D:4      | Reached XP level 7. HP: 48/57 MP: 7/7
  4416 | D:4      | Noticed Natasha
  4424 | D:4      | Killed Natasha
  4425 | D:4      | Reached skill level 6 in Maces & Flails
  4736 | D:4      | Noticed Natasha
  4749 | D:4      | Killed Natasha
  4790 | D:4      | Noticed Natasha
  4797 | D:4      | Killed Natasha
  4902 | D:5      | Entered Level 5 of the Dungeon
  5386 | D:5      | Found an iron altar of Okawaru.
  5424 | D:5      | Reached skill level 7 in Maces & Flails
  5424 | D:5      | Reached XP level 8. HP: 64/65 MP: 8/8
  5483 | D:5      | Noticed Blork the orc
  5490 | D:5      | Killed Blork the orc
  5539 | D:5      | Found a hide-covered altar of Uskayaw.
  5591 | D:5      | Found a runed translucent door.
  5598 | D:5      | Noticed GigaChad's ghost (novice MiGl)
  5634 | D:5      | Reached skill level 5 in Fighting
  6200 | D:5      | Killed GigaChad's ghost
  6201 | D:5      | Reached skill level 8 in Maces & Flails
  6459 | D:6      | Found a staircase to the Ecumenical Temple.
  6468 | D:6      | Reached XP level 9. HP: 62/72 MP: 9/9
  6525 | D:6      | Reached skill level 1 in Throwing
  6596 | D:6      | Found a stormy altar of Qazlal.
  6756 | D:6      | Reached skill level 5 in Dodging
  6911 | D:6      | Noticed Pikel
  6941 | D:6      | Killed Pikel
  7465 | D:7      | Reached skill level 9 in Maces & Flails
  7683 | D:7      | Found Xoufesof's Distillery.
  8540 | D:8      | Reached XP level 10. HP: 57/82 MP: 10/10
  8699 | D:8      | Reached skill level 10 in Maces & Flails
  8958 | D:8      | Reached skill level 5 in Armour
  8963 | D:8      | Reached *** piety under Trog
  9124 | D:8      | Paralysed by a hornet for 2 turns
  9569 | D:8      | Noticed a death yak
  9570 | D:8      | Noticed a death yak
  9571 | D:8      | Found a staircase to the Lair.
  9590 | D:8      | Killed a death yak
  9591 | D:8      | HP: 5/126 [death yak (16)]
  9596 | D:8      | Slain by a yak

Illustrated notes

Levels and vault maps discovered:
D:1:      elethiomel_arrival_quiet, layout_basic, ebering_ecumenical_altar_mist,
          serial_shops, nicolae_lakefront_shop, minmay_cut_off
D:2:      layout_basic
D:3:      layout_basic, serial_shops, shop
D:4:      layout_cave_pods, grunt_temple_overflow_open, uniq_grinder,
          uniq_natasha, uniq_duvessa
D:5:      layout_rooms, kennysheep_okawaru_gauntlet, nicolae_uskayaw_dance_hall,
          ebering_ghost_reflecting_pool, uniq_blork_the_orc
D:6:      layout_cave_pods, nicolae_qazlal_general_emergency, temple_fountains,
          uniq_pikel
D:7:      layout_gridville, serial_shops, nicolae_shop_hallway_plus,
          kennysheep_generic_room_8
D:8:      layout_rooms, dpeg_lair_monsters

Skill      XL: |  1  2  3  4  5  6  7  8  9 10 |
---------------+-------------------------------+-----
Maces & Flails | 4 5 7 8 9 10 | 10.6
Dodging        | 2 3 4 6 |  6.1
Stealth        | 1 |  1.7
Fighting       | 4 5 6 7 |  7.2
Armour         | 2 3 4 5 |  5.7
Shields        | 1 |  1.4
Throwing       | 1 |  1.1

Action                   |  1- 3 |  4- 6 |  7- 9 | 10-12 || total
-------------------------+-------+-------+-------+-------++-------
Melee: Mace              |   109 |    76 |   242 |       ||   427
       Tailslap          |    12 |    14 |    50 |    17 ||    93
       Punch             |       |       |     5 |     2 ||     7
       Whip              |       |       |   126 |    76 ||   202
Throw: Dart              |       |       |     8 |       ||     8
Invok: Berserk           |       |     3 |     4 |     2 ||     9
       Trog's Hand       |       |     2 |     3 |     1 ||     6
 Abil: Rolling Charge    |       |     1 |       |       ||     1
  Use: Scroll            |       |     8 |     5 |       ||    13
       Potion            |       |       |       |     1 ||     1
 Stab: Sleeping          |     1 |     1 |     2 |       ||     4
Armor: Animal skin       |    28 |     2 |       |       ||    30
       Leather armour    |       |    44 |   163 |       ||   207
       Plate armour      |       |       |    47 |    41 ||    88
Dodge: Dodged            |    52 |    35 |   251 |    24 ||   362
Block: Other             |    13 |    17 |   106 |    14 ||   150
       Reflection        |     1 |       |       |       ||     1

Table legend: (Time is in decaauts)
 A = Elapsed time spent in this place.
 B = Non-inter-level travel time spent in this place.
 C = Inter-level travel time spent in this place.
 D = Time resting spent in this place.
 E = Time spent auto-exploring this place.
 F = Levels seen in this place.
 G = Mean time per level.
                   A        B        C        D        E       F      G
               +--------+--------+--------+--------+--------+-----+--------+
         Total |   9630 |   9281 |    349 |      0 |   8035 |   8 | 1203.8 |
       Dungeon |   9630 |   9281 |    349 |      0 |   8035 |   8 | 1203.8 |
               +--------+--------+--------+--------+--------+-----+--------+

Top non-repeatable levels by time:
     D:2: 1437 daAuts
     D:5: 1386 daAuts
     D:1: 1270 daAuts
     D:6: 1184 daAuts
     D:4: 1157 daAuts
     D:3: 1107 daAuts
     D:8: 1047 daAuts
     D:7: 1037 daAuts
